 Dungeon Crawl Stone Soup version 0.20.0-15-g7f486f2 (webtiles) character file.

40 Chiseanne the Vexing (level 3, -1/26 HPs)
             Began as a Demonspawn Wanderer on July 1, 2017.
             Slain by a kobold
             ... wielding a +0 mace
              (6 damage)
             ... on level 2 of the Dungeon.
             The game lasted 00:04:46 (2007 turns).

Chiseanne the Vexing (Demonspawn Wanderer)          Turns: 2007, Time: 00:04:47

Health: -1/26      AC:  2    Str: 12    XL:     3   Next: 30%
Magic:  4/5        EV: 12    Int: 13    God:
Gold:   20         SH:  0    Dex: 13    Spells: 2/5 levels left

rFire    . . .     SeeInvis .   g - +0 dagger
rCold    . . .     Gourm    .   (no shield)
rNeg     . . .     Faith    .   d - +0 robe
rPois    .         Spirit   .   (no helmet)
rElec    .         Reflect  .   (no cloak)
rCorr    .         Harm     .   (no gloves)
MR       .....                  (no boots)
Stlth    +.........             (no amulet)
Regen    0.1/turn               (no ring)
MPRegen  0.1/turn               (no ring)

@: no status effects
A: powered by death 1
a: no special abilities


You were on level 2 of the Dungeon.
You were not hungry.

You visited 1 branch of the dungeon, and saw 2 of its levels.

You collected 20 gold pieces.

Inventory:

Hand Weapons
 e - a +0 club
 g - a +0 dagger (weapon)
Missiles
 i - 12 stones (quivered)
Armour
 d - a +0 robe (worn)
Scrolls
 c - a scroll of teleportation
Potions
 h - a potion of heal wounds {unknown}
 j - a potion of lignification {unknown}
Books
 a - a book of Maledictions

   Spells                             Type                      Level
   a - Corona                         Hexes                        1
   b - Ensorcelled Hibernation        Hexes/Ice                    2
   c - Confuse                        Hexes                        3
   d - Tukima's Dance                 Hexes                        3
   e - Dazzling Spray                 Conjuration/Hexes            3
Comestibles
 f - a bread ration
 k - 3 chunks of flesh


   Skills:
 * Level 1.2 Fighting
 * Level 1.5 Dodging
   Level 1.0 Shields
 * Level 1.9 Spellcasting
 - Level 7.0 Hexes
   Level 1.0 Evocations


You had 2 spell levels left.
You knew the following spells:

 Your Spells              Type           Power        Failure   Level  Hunger
a - Corona                Hex            ###....      1%          1    ##.....
b - Ensorcelled Hibernat  Hex/Ice        ##....       10%         2    ###....


Dungeon Overview and Level Annotations

Branches:
Dungeon (2/15)

Altars:


Innate Abilities, Weirdness & Mutations

You regenerate a little health from kills.


Message History

You climb downwards.
Found 8 gold pieces and a glowing blue potion.
There is a stone staircase leading up here.
Casting: Corona
Confirm with . or Enter, or press ? or * to list all spells.
Aiming: Corona
Press: ? - help, Shift-Dir - straight line, f - kobold
Aim: a kobold, wielding a mace (chance to defeat MR: 73%)
The kobold is outlined in light.
The kobold barely misses you.
You barely miss the kobold. The kobold misses you.
You hit the kobold but do no damage. The kobold hits you with a mace.
* * * LOW HITPOINT WARNING * * *
You feel better.
You hit the kobold but do no damage. The kobold barely misses you.
You closely miss the kobold. The kobold hits you with a mace!
* * * LOW HITPOINT WARNING * * *
You feel better. The kobold hits you with a mace!
* * * LOW HITPOINT WARNING * * *
You barely miss the kobold. The kobold hits you with a mace.
You die...

########.
#@.......
#K##...#$
#.. ...
#..! .
#....
#.##..
#.# ...
... ...


You could see a kobold.

Vanquished Creatures
  An ooze (D:1)
  2 leopard geckos (D:1)
  A ball python (D:1)
  3 giant cockroaches (D:1)
  4 goblins (D:1)
  5 hobgoblins (D:1)
  4 jackals (D:1)
  4 bats (D:1)
  5 rats (D:1)
29 creatures vanquished.

Notes
Turn   | Place    | Note
-------+----------+-------------------------------------------
     0 | D:1      | Chiseanne the Demonspawn Wanderer began the quest for the Orb.
     0 | D:1      | Chiseanne set off with: a book of Maledictions, a potion of curing, a scroll of teleportation, a +0 robe, a +0 club, a bread ration
     0 | D:1      | Reached XP level 1. HP: 13/13 MP: 2/2
     2 | D:1      | Learned a level 1 spell: Corona
   449 | D:1      | Gained mutation: You regenerate a little health from kills. [demonic ancestry]
   449 | D:1      | Reached XP level 2. HP: 3/20 MP: 0/4
   806 | D:1      | Learned a level 2 spell: Ensorcelled Hibernation
   878 | D:1      | Reached skill level 1 in Fighting
   980 | D:1      | Reached skill level 1 in Dodging
  1569 | D:1      | Reached XP level 3. HP: 25/26 MP: 5/5
  2002 | D:2      | HP: 1/26 [kobold/mace (2)]
  2007 | D:2      | Slain by a kobold

Skill      XL: |  1  2 |
---------------+-------+-----
Fighting       | 1 |  1.2
Dodging        | 1 |  1.5
Shields        | |  1.0
Spellcasting   | |  1.9
Hexes          | |  7.0
Evocations     | |  1.0

Action                   || total
-------------------------++-------
Melee: Club              ||    24
       Dagger            ||   150
 Cast: Corona            ||    46
       Ensorcelled Hiber ||     1
  Use: Potion            ||     2
  Eat: Chunk             ||     5
Armor: Robe              ||    39
Dodge: Dodged            ||   124
